 Dungeon Crawl Stone Soup version 0.27-a0-1200-g94dc6ad4cf (webtiles) character file.

Game seed: 6068447952337576556

33292 Morbidden the Destroyer (level 13, -3/105 HPs)
             Began as a Demigod Conjurer on May 31, 2021.
             Killed from afar by a hellephant (92 damage)
             ... with a blast of flame
             ... on level 3 of the Abyss.
             The game lasted 00:44:13 (22772 turns).

Morbidden the Destroyer (Demigod Conjurer)         Turns: 22772, Time: 00:44:14

Health: -3/105     AC: 16    Str: 11 (12) XL:     13   Next: 7%
Magic:  28/31      EV: 14    Int: 30 (31) God:
Gold:   842        SH:  0    Dex: 14      Spells: 23/30 levels left

rFire    . . .     SeeInvis .   b - +2 dagger (venom)
rCold    . . .     Faith    .   (no shield)
rNeg     . . .     Spirit   .   A - +0 troll leather armour
rPois    .         Reflect  .   u - +2 helmet {Int+3}
rElec    .         Harm     .   e - +2 cloak
rCorr    .         Rampage  .   l - +0 pair of gloves
Will     +....                  (no boots)
Stlth    ++........             o - amulet of magic regeneration
HPRegen  1.27/turn              i - +4 ring of protection
MPRegen  0.47/turn              t - +6 ring of dexterity

@: no status effects
A: high mp 1, forlorn, [clumsy 2], [deterioration 2], [weak 2]
a: no special abilities


You were on level 3 of the Abyss.
You visited 2 branches of the dungeon, and saw 16 of its levels.
You visited the Abyss 1 time.
You also visited: Ossuary, Bailey and Gauntlet.

You collected 1232 gold pieces.
You spent 390 gold pieces at shops.

Inventory:

Hand Weapons
 a - a +3 dagger of speed
 b - a +2 dagger of venom (weapon)
 Q - the +9 staff of Olgreb {rPois∞}
   (You found it in a Gauntlet)

   It may poison the flesh of those it strikes, and is more effective with a
   high Evocations skill.
   It enhances your poison magic.
   It grants immunity to poison.
   It can be evoked to poison those around you for a time.
 V - a +1 scimitar of flaming
Missiles
 j - 7 atropa-tipped darts
 k - 4 javelins
 v - 3 curare-tipped darts
 y - 32 poisoned darts (quivered)
 K - 64 boomerangs
 P - 3 throwing nets
 S - 2 boomerangs of dispersal
Armour
 e - a +2 cloak (worn)
 l - a +0 pair of gloves (worn)
 u - a +2 helmet of intelligence (worn)
 A - a +0 troll leather armour (worn)
 F - the +0 leather armour "Xapsueq" {rF+ rN+}
   (You found it on level 5 of the Dungeon)

   It protects you from fire.
   It protects you from negative energy.
Jewellery
 i - a +4 ring of protection (left hand)
 m - an amulet of regeneration
 o - an amulet of magic regeneration (around neck)
 s - a ring of see invisible
 t - a +6 ring of dexterity (right hand)
 W - a ring of poison resistance
Wands
 I - a wand of iceblast (15)
 N - a wand of digging (10)
 O - a wand of flame (58)
 U - a wand of acid (9)
 Z - a wand of polymorph (7)
Scrolls
 c - 4 scrolls of identify
 g - 5 scrolls of teleportation
 r - 3 scrolls of amnesia
 x - a scroll of fog
 B - 2 scrolls of holy word
 C - a scroll of summoning
 G - 3 scrolls of fear
 M - 2 scrolls of enchant armour
 R - 2 scrolls of blinking
 X - 2 scrolls of enchant weapon
Potions
 d - 4 potions of resistance
 f - 2 potions of attraction
 h - 8 potions of mutation
 n - 6 potions of haste
 p - 4 potions of flight
 q - 4 potions of heal wounds
 w - 4 potions of might
 z - a potion of cancellation {unknown}
 D - 3 potions of lignification
 E - 3 potions of magic
 H - a potion of ambrosia {unknown}
 J - 16 potions of curing
 Y - a potion of invisibility
Miscellaneous
 L - a phantom mirror
 T - a lightning rod (4/4)


   Skills:
 * Level 7.5 Fighting
 * Level 8.8 Short Blades
 + Level 2.4 Throwing
 + Level 4.2 Armour
 * Level 7.3 Dodging
 + Level 4.2 Stealth
 * Level 9.4 Spellcasting
 * Level 10.3 Conjurations
 * Level 6.0 Translocations
 + Level 0.8 Evocations


You had 23 spell levels left.
You knew the following spells:

 Your Spells              Type           Power      Damage    Failure   Level
a - Magic Dart            Conj           100%       1d8       1%          1
b - Searing Ray           Conj           100%       3d7       1%          2
z - Iskenderun's Mystic   Conj/Tloc      59%        2d12      1%          4

Your spell library contained the following spells:

 Spells                   Type           Power      Damage    Failure   Level
 Dazzling Flash           Conj/Hex       90%        N/A       1%          3
 Gell's Gravitas          Tloc           25%        N/A       1%          3
 Corona                   Hex            15%        N/A       4%          1
 Portal Projectile        Hex/Tloc       64%        N/A       4%          3
 Fulminant Prism          Conj/Hex       22%        3d13      5%          4
 Slow                     Hex            14%        N/A       7%          2
 Confusing Touch          Hex            14%        N/A       14%         3
 Inner Flame              Hex/Fire       14%        N/A       14%         3
 Cause Fear               Hex            7%         N/A       43%         4
 Leda's Liquefaction      Hex/Erth       7%         N/A       43%         4
 Petrify                  Tmut/Erth      14%        N/A       43%         4
 Metabolic Englaciation   Hex/Ice        7%         N/A       78%         5
 Yara's Violent Unravell  Hex/Tmut       7%         3d5       78%         5


Dungeon Overview and Level Annotations

Branches:
Dungeon (12/15)            Temple (0/1) D:4            Lair (4/6) D:9
 Shoals (0/4) Lair:3          Orc (0/2) D:12        Ossuary (visited)
 Bailey (visited)         Gauntlet (visited)
  Snake: Lair:2-4    Spider: Lair:2-4

Shops:
D:1 (   D:6 *   D:7 =   D:11 (=:

Annotations:
D:3 3 runed translucent doors, raumwalross's ghost, amateur DjFE
D:9 2 transporters
D:11 1 runed translucent door
Lair:4 exclusion: 2 oklob plants Gauntlet 13 transporters, 21 runed translucent doors, exclusion: obsidian statue


Innate Abilities, Weirdness & Mutations

Your attributes grow dramatically as you level up.
You have an increased reservoir of magic. (+10% MP)
You shall have no god before yourself.
[You are very clumsy. (Dex -4)]
[Your body often deteriorates upon taking damage.]
[You are very weak. (Str -4)]


Message History

Aim: a hellion (almost dead)
The mass of ice explodes!
The iceblast engulfs the hellion!
You kill the hellion!
Unknown command.
Unknown command.
Unknown command.
A starcursed mass comes into view.
A starcursed mass splits.
A starcursed mass splits.
A chorus of shrieks assaults your mind.
A wraith comes into view.
You see here a +1 scimitar of flaming.
You can't carry that many items.
Unknown command.
Drop what? 52/52 slots (_ for help) (? for menu, Esc to quit)
You drop a +1 short sword of flaming.
The wraith misses you.
V - a +1 scimitar of flaming The wraith completely misses you.
Unknown command.
You hit the wraith but do no damage.
Unknown command.
As you read the scroll of teleportation, it crumbles to dust.
You feel strangely unstable.
You feel the power of the Abyss delaying your translocation!
The wraith closely misses you. The wraith completely misses you.
The wraith hits you.
A starcursed mass splits.
A starcursed mass splits.
You are suddenly pulled into a different region of the Abyss!
Unknown command.
Unknown command.
Found a corrupted altar of Lugonu.
A hellephant comes into view.
Unknown command.
The hellephant trumpets!
Why would you want to do that? The hellephant breathes flames at you.
The blast of flame hits you!!!!
Ouch! That really hurt!
You die...

# #.#### ## _
#.#..####.# .#
.##.§..#....#..
.......§..≈....#
≈≈≈§≈≈§§...§.#
#### ###≈...≈###
##≈.....#
##≈..§@#
##§..#.#
#.§≈≈≈≈≈§....#
##Y§§≈≈§#..#...
#..Y≈≈§∩.##.#.#
#..≈§≈≈### # #
#§..≈≈≈≈#
...§≈≈§§ Y.≈


You could see a hellephant (catching breath) and a dire elephant (wandering).

Vanquished Creatures
  Gastronok (Lair:2)
  Harold (D:7)
  2 hydras (Lair:1)
  4 boulder beetles (D:12)
  2 two-headed ogres
  A tengu warrior (Gauntlet)
  A skeletal warrior (D:12)
  An orc sorcerer (D:12)
  A cyclops (D:11)
  A black mamba (Lair:3)
  A manticore (D:12)
  Joseph (D:7)
  Maggie (D:9)
  A gargoyle (D:12)
  7 cane toads
  A hellion (Abyss:3)
  2 rime drakes
  An efreet (Abyss:3)
  A kobold demonologist (D:11)
  4 komodo dragons
  A tengu conjurer (Gauntlet)
  2 trolls
  A raiju (Gauntlet)
  A blink frog (Lair:4)
  A snapping turtle (Lair:3)
  3 wraiths
  32 yaks
  4 shadows
  A vampire (D:12)
  Eustachio (D:4)
  2 basilisks
  A fire bat (shapeshifter) (D:12)
  2 steam dragons (Gauntlet)
  A neqoxec (Abyss:3)
  Grum (Lair:1)
  6 vampire mosquitoes
  Edmund (D:5)
  Menkaure (D:5)
  6 water moccasins
  An ice beast (D:8)
  7 orc warriors
  A sky beast (D:8)
  2 black bears
  A necrophage (D:5)
  3 boggarts (D:11)
  2 hornet zombies
  6 wolves (Lair:1)
  2 ogres (D:6)
  6 centaurs
  3 phantoms
  Blork the orc (D:5)
  6 bullfrogs
  2 kobold brigands (D:11)
  2 wyvern zombies (Ossuary)
  A gnoll sergeant (D:10)
  4 water moccasin zombies
  3 scorpions
  4 killer bees (D:10)
  An electric eel (Lair:3)
  A wight (D:8)
  6 bullfrog zombies (Ossuary)
  6 centaur zombies
  3 jellies
  Crazy Yiuf (D:5)
  A gnoll shaman (D:7)
  5 orc priests
  2 bullfrog skeletons
  4 iguanas
  A scorpion zombie (D:3)
  7 orc wizards
  A killer bee zombie (Ossuary)
  7 ogre zombies (D:12)
  A hound zombie (D:5)
  18 mummies (Ossuary)
  5 howler monkey zombies
  5 adders
  11 gnolls
  2 shadow imps
  3 white imps
  An ufetubus (D:5)
  An adder skeleton (D:4)
  An adder zombie (D:3)
  4 worms
  A dart slug (D:1)
  36 orcs
  5 bats
  10 endoplasms
  A giant cockroach (D:2)
  20 goblins
  9 hobgoblins
  3 jackals (D:1)
  26 kobolds
  7 quokkas
  4 ball pythons
  A ball python zombie (D:3)
  A frilled lizard (D:3)
  2 goblin zombies (D:12)
  A hobgoblin skeleton (D:12)
  A hobgoblin zombie (D:12)
  5 orc skeletons (D:12)
  14 orc zombies (D:12)
  A quokka zombie (D:7)
  6 rats
  A rat zombie (D:7)
413 creatures vanquished.

Vanquished Creatures (collateral kills)
  A yaktaur captain (D:12)
  A hydra (D:12)
  A deep elf pyromancer (D:12)
  A cyclops (D:12)
  A slime creature (D:12)
  A centaur simulacrum (D:12)
  A centaur (D:12)
  A white imp (D:8)
8 creatures vanquished.

Vanquished Creatures (others)
  An ogre (D:5)
  An adder (D:5)
  An adder zombie (D:5)
  An orc (D:5)
  An orc zombie (D:12)
  5 fungi
  21 plants
  5 withered plants (Ossuary)
36 creatures vanquished.

Grand Total: 457 creatures vanquished

Notes
Turn   | Place    | Note
-------+----------+-------------------------------------------
     0 | D:1      | Morbidden the Demigod Conjurer began the quest for the Orb.
     0 | D:1      | Reached XP level 1. HP: 14/14 MP: 5/5
   137 | D:1      | Found Likushid's Weapon Shoppe.
   340 | D:1      | Reached skill level 4 in Conjurations
   667 | D:1      | Reached XP level 2. HP: 20/20 MP: 4/7
   707 | D:1      | Learned a level 2 spell: Searing Ray
  1193 | D:1      | Reached XP level 3. HP: 26/26 MP: 4/8
  2693 | D:3      | Reached XP level 4. HP: 34/34 MP: 1/9
  2945 | D:3      | Reached skill level 1 in Short Blades
  3035 | D:3      | Found a runed translucent gate.
  3035 | D:3      | Found a runed translucent gate.
  3035 | D:3      | Found a runed translucent gate.
  3037 | D:3      | Noticed raumwalross's ghost (amateur DjFE)
  3039 | D:3      | Noticed a centaur
  4009 | D:4      | Noticed a black bear
  4040 | D:4      | Killed a black bear
  4041 | D:4      | Reached skill level 1 in Fighting
  4041 | D:4      | Reached skill level 5 in Conjurations
  4041 | D:4      | Reached XP level 5. HP: 28/40 MP: 3/11
  4212 | D:4      | Found a staircase to the Ecumenical Temple.
  4694 | D:4      | Reached XP level 6. HP: 47/47 MP: 4/13
  4895 | D:4      | Noticed Eustachio
  4902 | D:4      | Killed Eustachio
  5093 | D:5      | Entered Level 5 of the Dungeon
  5286 | D:5      | Reached XP level 7. HP: 53/53 MP: 3/15
  5529 | D:5      | Noticed Menkaure
  5530 | D:5      | Noticed Edmund
  5533 | D:5      | Killed Menkaure
  5538 | D:5      | Killed Edmund
  5791 | D:5      | Reached skill level 6 in Conjurations
  6048 | D:5      | Identified the +1 mace of Qistryidgh {venom, rN+ Int+3}
  6050 | D:5      | Found a runed translucent door.
  6051 | D:5      | Noticed Crazy Yiuf
  6056 | D:5      | Killed Crazy Yiuf
  6221 | D:5      | Noticed Blork the orc
  6230 | D:5      | Killed Blork the orc
  6231 | D:5      | Reached XP level 8. HP: 55/62 MP: 3/17
  6456 | D:5      | Identified the +0 leather armour "Xapsueq" {rF+ rN+}
  7232 | D:6      | Learned a level 4 spell: Iskenderun's Mystic Blast
  7310 | D:6      | Found Buakkiun's Assorted Antiques.
  7369 | D:6      | Reached skill level 5 in Spellcasting
  7949 | D:7      | Reached skill level 7 in Conjurations
  8122 | D:7      | Found Vaach's Jewellery Shop.
  8132 | D:7      | Bought an amulet of regeneration for 390 gold pieces
  8156 | D:7      | Reached skill level 1 in Translocations
  8168 | D:7      | Found a sand-covered staircase.
  8177 | Ossuary  | Entered an ossuary
  8350 | Ossuary  | Reached skill level 1 in Armour
  8350 | Ossuary  | Reached XP level 9. HP: 69/69 MP: 8/20
  9141 | D:7      | Noticed Joseph
  9159 | D:7      | Killed Joseph
  9160 | D:7      | Reached skill level 5 in Short Blades
  9475 | D:7      | Noticed Harold
  9505 | D:7      | Killed Harold
  9923 | D:8      | Reached XP level 10. HP: 78/78 MP: 2/22
  9991 | D:8      | Found a flagged portal.
  9997 | Bailey   | Entered a bailey
 10134 | Bailey   | Reached skill level 5 in Dodging
 10333 | Bailey   | Identified the +9 hand axe "X" {vorpal, rPois Int+3}
 10865 | D:8      | Noticed a two-headed ogre
 10893 | D:8      | Killed a two-headed ogre
 11885 | D:9      | Found a staircase to the Lair.
 12047 | D:9      | Noticed Maggie
 12058 | D:9      | Killed Maggie
 12059 | D:9      | Reached skill level 8 in Conjurations
 12201 | D:9      | Reached skill level 5 in Fighting
 12307 | D:9      | Found a transporter.
 12543 | D:9      | Noticed a deep elf knight
 12643 | D:9      | Noticed a deep elf knight
 12801 | D:9      | Found a transporter.
 13255 | D:10     | Entered Level 10 of the Dungeon
 14401 | D:10     | Reached XP level 11. HP: 72/88 MP: 1/25
 15172 | D:11     | Found Doirar's Jewellery Shoppe.
 15233 | D:11     | Found a runed translucent door.
 15234 | D:11     | Noticed a storm dragon
 15239 | D:11     | Identified the +4 hunting sling of Ezuar {venom, +Blink rF+
                  | Str-5 Int+4}
 15239 | D:11     | Noticed a skeletal warrior
 15239 | D:11     | Noticed a death knight
 15246 | D:11     | Found Winunew's Weapon Shoppe.
 15248 | D:11     | Found Goxtos's Book Shoppe.
 15248 | D:11     | Found Voaroxti's General Store.
 15249 | D:11     | You fall into a shaft and drop 1 floor!
 15991 | D:11     | Noticed a wizard
 16274 | D:12     | Noticed a boulder beetle
 16281 | D:12     | Reached skill level 1 in Throwing
 16287 | D:12     | Reached skill level 9 in Conjurations
 16308 | D:12     | Killed a boulder beetle
 16427 | D:12     | Noticed a boulder beetle
 16461 | D:12     | Killed a boulder beetle
 16476 | D:12     | Noticed a two-headed ogre
 16486 | D:12     | Killed a two-headed ogre
 16566 | D:12     | Noticed a skeletal warrior
 16627 | D:12     | Killed a skeletal warrior
 16804 | D:12     | Noticed a deep elf pyromancer
 16804 | D:12     | Noticed a four-headed hydra
 16809 | D:12     | Noticed a yaktaur captain
 16821 | D:12     | Killed a four-headed hydra
 16822 | D:12     | Reached skill level 5 in Translocations
 16825 | D:12     | Killed a deep elf pyromancer
 16830 | D:12     | Killed a yaktaur captain
 17072 | D:12     | Identified the +1 long sword "Ecyiw" {freeze, *Slow Str+3
                  | Dex+4 SInv}
 17265 | D:12     | Reached XP level 12. HP: 76/97 MP: 17/28
 17323 | D:12     | Noticed a boulder beetle
 17755 | D:12     | Killed a boulder beetle
 17882 | D:12     | Found a staircase to the Orcish Mines.
 17891 | D:12     | Noticed a boulder beetle
 17917 | D:12     | Killed a boulder beetle
 18414 | Lair:1   | Entered Level 1 of the Lair of Beasts
 18926 | Lair:1   | Noticed Grum
 18938 | Lair:1   | Killed Grum
 19180 | Lair:1   | Noticed a six-headed hydra
 19191 | Lair:1   | Killed a six-headed hydra
 19258 | Lair:1   | Noticed a seven-headed hydra
 19266 | Lair:1   | Killed a seven-headed hydra
 19721 | Lair:2   | Reached skill level 10 in Conjurations
 20152 | Lair:2   | Noticed Gastronok
 20176 | Lair:2   | Killed Gastronok
 21789 | Lair:3   | Found a staircase to the Shoals.
 22038 | Lair:4   | Found a gate leading to a gauntlet.
 22045 | Gauntlet | Entered a Gauntlet
 22045 | Gauntlet | Found a transporter.
 22054 | Gauntlet | Found a transporter.
 22069 | Gauntlet | Found a transporter.
 22071 | Gauntlet | Found a large runed translucent door.
 22071 | Gauntlet | Found a large runed translucent door.
 22072 | Gauntlet | Found a large runed translucent door.
 22072 | Gauntlet | Found a large runed translucent door.
 22073 | Gauntlet | Found a large runed translucent door.
 22073 | Gauntlet | Found a large runed translucent door.
 22073 | Gauntlet | Found a runed translucent door.
 22073 | Gauntlet | Found a runed translucent door.
 22073 | Gauntlet | Found a large runed translucent door.
 22074 | Gauntlet | Found a transporter.
 22089 | Gauntlet | Found a transporter.
 22104 | Gauntlet | Found a large runed translucent door.
 22105 | Gauntlet | Found a large runed translucent door.
 22106 | Gauntlet | Found a large runed translucent door.
 22106 | Gauntlet | Found a large runed translucent door.
 22107 | Gauntlet | Found a runed translucent gate.
 22108 | Gauntlet | Found a transporter.
 22108 | Gauntlet | Found a runed translucent gate.
 22109 | Gauntlet | Found a runed translucent gate.
 22110 | Gauntlet | Found a large runed translucent door.
 22110 | Gauntlet | Found a large runed translucent door.
 22111 | Gauntlet | Found a large runed translucent door.
 22112 | Gauntlet | Found a large runed translucent door.
 22112 | Gauntlet | Noticed a ghost crab
 22120 | Gauntlet | Found a transporter.
 22132 | Gauntlet | Found a transporter.
 22144 | Gauntlet | Found a transporter.
 22156 | Gauntlet | Found a transporter.
 22173 | Gauntlet | Found a transporter.
 22191 | Gauntlet | Found a transporter.
 22193 | Gauntlet | Found a transporter.
 22194 | Gauntlet | Found the +9 staff of Olgreb {rPois∞}
 22238 | Gauntlet | Found a transporter.
 22240 | Gauntlet | Found a transporter.
 22314 | Gauntlet | Found a large runed translucent door.
 22318 | Gauntlet | Found a transporter.
 22338 | Gauntlet | Found a transporter.
 22360 | Gauntlet | Found a transporter.
 22505 | Gauntlet | Reached XP level 13. HP: 98/105 MP: 22/30
 22610 | Gauntlet | Cast into level 2 of the Abyss (a wizard)
 22701 | Abyss:3  | Noticed a starcursed mass
 22747 | Abyss:3  | Noticed a starcursed mass
 22768 | Abyss:3  | Noticed a dire elephant
 22769 | Abyss:3  | Noticed a dire elephant
 22770 | Abyss:3  | Noticed a hellephant
 22772 | Abyss:3  | Killed from afar by a hellephant

Illustrated notes

Levels and vault maps discovered:
D:1:      onia_arrival_pentagram, layout_loops_ring, serial_shops, shop,
          dk_noncrumbling_4, st_stairs_13, chequers_serial_rivers_room_b
D:2:      cheibrodos_old_hovel, layout_loops_ring,
          hellmonk_ecumenical_altar_lost_god
D:3:      layout_basic, fedhas_altar_2, nicolae_yredelemnul_corpse_copse,
          ebering_ghost_gozag
D:4:      layout_loops_ring, minmay_temple_entry_junction_2, uniq_eustachio
D:5:      layout_gridville, grunt_temple_overflow_cloverleaf,
          minmay_splitting_lines, lemuel_flamethrower_2, uniq_blork_the_orc,
          uniq_edmund, uniq_menkaure, uniq_crazy_yiuf_cottage
D:6:      cheibrodos_helix_gallery, layout_basic, serial_shops,
          nicolae_shop_crystal
D:7:      layout_gridville, serial_shops, shop, enter_ossuary_4, uniq_harold,
          uniq_joseph
D:8:      layout_loops_corners, okawaru_metal_pillars_1_2, enter_bailey_3,
          hangedman_abyss_or_decor_passed, chequers_serial_rivers_small_b,
          hangedman_decor_points, minmay_fountain_box, minmay_diced_spiral
D:9:      gammafunk_wand_slinger, layout_gridville,
          gammafunk_temple_overflow_statue, lair_entry_dummy, uniq_maggie
D:10:     layout_basic, nicolae_uskayaw_murder_on_the_dancefloor
D:11:     layout_rooms, minmay_shop_grid_forest, minmay_st_funbox
D:12:     kennysheep_green_arena, layout_stronghold, zombieorc2_lemuel,
          grunt_decor_one_mirror
Lair:1:   layout_cave_pods, grunt_megastairs_2, uniq_grum
Lair:2:   layout_regular_city, chequers_serial_rivers_micro_e,
          bh_autumn_forest_stairs, st_stairs_9, lemuel_fruit_fields,
          uniq_gastronok
Lair:3:   layout_loops_ring, minmay_shoals_entry_hut
Lair:4:   dpeg_oklob_gauntlet, layout_cave_pods, spider_nest_entry_funnel_web,
          gauntlet_entry_generic, minmay_lair_oklob_chamber
Abyss:3:  base: D:4, minivault_20, evilmike_abyss_rune_elephants_shrine
Gauntlet: gammafunk_gauntlet_one_two_three [gammafunk_gauntlet_arena_spirals,
          gammafunk_gauntlet_arena_corners, gammafunk_gauntlet_arena_crates,
          gammafunk_gauntlet_arena_grid,
          minmay_gauntlet_arena_make_your_own_arena,
          nicolae_gauntlet_arena_grate_2, nicolae_gauntlet_arena_blocks,
          gammafunk_gauntlet_arena_arrow_garden,
          nicolae_gauntlet_arena_quarters, gauntlet_exit_green]

Skill      XL: |  1  2  3  4  5  6  7  8  9 10 11 12 |
---------------+-------------------------------------+-----
Conjurations   | 4 5 6 7 8 9 10 | 10.3
Spellcasting   | 2 3 4 5 7 8 9 |  9.4
Stealth        | 2 3 4 |  4.2
Dodging        | 2 3 4 5 6 7 |  7.3
Short Blades   | 2 3 4 6 7 8 |  8.8
Fighting       | 1 2 3 4 5 6 7 |  7.5
Translocations | 1 3 4 5 6 |  6.0
Armour         | 1 2 3 4 |  4.2
Throwing       | 2 |  2.4
Evocations     | |  0.8

Action                   |  1- 3 |  4- 6 |  7- 9 | 10-12 | 13-15 || total
-------------------------+-------+-------+-------+-------+-------++-------
Melee: Unarmed           |    19 |       |       |       |       ||    19
       Dagger            |    69 |    42 |   137 |   197 |     3 ||   448
       Short sword       |       |       |   303 |   215 |       ||   518
Throw: Dart              |       |       |     6 |    47 |       ||    53
       Javelin           |       |       |     5 |       |       ||     5
 Cast: Magic Dart        |    54 |    47 |    74 |    92 |       ||   267
       Searing Ray       |     9 |    21 |    39 |    82 |     3 ||   154
       Iskenderun's Myst |       |       |     5 |   154 |    15 ||   174
Evoke: Wand              |       |       |     5 |     1 |     5 ||    11
       Lightning rod     |       |       |       |     4 |       ||     4
  Use: Scroll            |       |       |    13 |    16 |     3 ||    32
       Potion            |       |       |     1 |       |       ||     1
 Stab: Sleeping          |     2 |       |     4 |     1 |       ||     7
Armor: Robe              |    24 |    35 |     5 |       |       ||    64
       Leather armour    |       |       |   132 |   121 |       ||   253
       Troll leather arm |       |       |       |    47 |     7 ||    54
Dodge: Dodged            |    51 |    52 |   226 |   335 |    14 ||   678

Table legend: (Time is in decaauts)
 A = Elapsed time spent in this place.
 B = Non-inter-level travel time spent in this place.
 C = Inter-level travel time spent in this place.
 D = Time resting spent in this place.
 E = Time spent auto-exploring this place.
 F = Levels seen in this place.
 G = Mean time per level.
                   A        B        C        D        E       F      G
               +--------+--------+--------+--------+--------+-----+--------+
         Total |  22519 |  21472 |   1047 |   1968 |  15403 |  21 | 1072.3 |
       Dungeon |  17234 |  16349 |    885 |   1670 |  12183 |  12 | 1436.2 |
          Lair |   3433 |   3272 |    161 |    219 |   2505 |   4 |  858.2 |
         Abyss |    160 |    160 |      0 |      0 |     30 |   2 |   80.0 |
       Ossuary |    576 |    576 |      0 |      0 |    138 |   1 |  576.0 |
        Bailey |    550 |    550 |      0 |     79 |    264 |   1 |  550.0 |
      Gauntlet |    564 |    564 |      0 |      0 |    282 |   1 |  564.0 |
               +--------+--------+--------+--------+--------+-----+--------+

Top non-repeatable levels by time:
    D:12: 2655 daAuts
    D:10: 1857 daAuts
     D:5: 1619 daAuts
     D:1: 1576 daAuts
     D:8: 1426 daAuts
     D:9: 1413 daAuts
     D:4: 1371 daAuts
  Lair:1: 1358 daAuts
     D:6: 1321 daAuts
     D:3: 1299 daAuts
     D:7: 1066 daAuts
  Lair:3: 1038 daAuts
  Lair:2: 936 daAuts
     D:2: 921 daAuts
    D:11: 704 daAuts
